 Dungeon Crawl Stone Soup version 0.27.1-33-g824d729ab1 (webtiles) character file.

Game seed: 16670736014762918164

20 pkoi the Caller (level 2, 0/20 HPs)
             Began as a Draconian Summoner on Dec 8, 2021.
             Succumbed to an adder's poison
             ... on level 2 of the Dungeon.
             The game lasted 00:01:58 (1842 turns).

pkoi the Caller (Draconian Summoner)                Turns: 1842, Time: 00:01:58

Health: 0/20       AC: 11    Str: 10    XL:     2   Next: 58%
Magic:  5/5        EV: 12    Int: 15    God:
Gold:   35         SH:  0    Dex: 11    Spells: 4/5 levels left

rFire    . . .     SeeInvis .   f - +1 short sword (protect)
rCold    . . .     Faith    .   (no shield)
rNeg     . . .     Spirit   .   (armour unavailable)
rPois    .         Reflect  .   (helmet restricted)
rElec    .         Harm     .   (no cloak)
rCorr    .         Rampage  .   (no gloves)
Will     .....                  (no boots)
Stlth    ++........             (no amulet)
HPRegen  0.06/turn              (no ring)
MPRegen  0.09/turn              (no ring)

@: lethally poisoned (0 -> -1), under a protective aura
A: AC +4, unfitting armour, cold-blooded
a: no special abilities


You were on level 2 of the Dungeon.
You visited 1 branch of the dungeon, and saw 3 of its levels.

You collected 35 gold pieces.

Inventory:

Hand Weapons
 b - a +0 dagger
 f - a +1 short sword of protection (weapon)
Scrolls
 c - a scroll of enchant weapon {unknown}
 d - 3 scrolls of identify {unknown}
 e - a scroll of acquirement {unknown}
 g - a scroll of enchant armour {unknown}
Potions
 a - 2 potions of curing {unknown}


   Skills:
 + Level 0.7 Short Blades
 - Level 1.7 Dodging
 + Level 2.0 Stealth
 - Level 2.0 Spellcasting
 + Level 4.5 Summonings


You had 4 spell levels left.
You knew the following spells:

 Your Spells              Type           Power      Damage    Failure   Level
a - Summon Small Mammal   Summ           60%        N/A       3%          1

Your spell library contained the following spells:

 Spells                   Type           Power      Damage    Failure   Level
 Call Imp                 Summ           15%        N/A       5%          2
 Call Canine Familiar     Summ           15%        N/A       11%         3
 Summon Guardian Golem    Hex/Summ       8%         N/A       26%         3
 Summon Lightning Spire   Summ/Air       8%         N/A       65%         4


Dungeon Overview and Level Annotations

Branches:
Dungeon (3/15)

Altars:
Xom


Innate Abilities, Weirdness & Mutations

Your plain brown scales are hard. (AC +4)
You cannot fit into any form of body armour.
You are cold-blooded and may be slowed by cold attacks.


Message History

Unknown command.
You hit the dart slug.
You kill the dart slug!
Your bat hits the ball python.
Your bat closely misses the ball python.
The ball python bites you but does no damage.
The ball python constricts you.
* * * LOW HITPOINT WARNING * * *
Your rat bites the ball python.
The ball python dies!
Unknown command.
You start resting.
An adder comes into view.
An adder is nearby!
An adder is nearby!
An adder is nearby!
You see here a jackal corpse.
Your rat disappears in a puff of smoke!
Your bat disappears in a puff of smoke!
You are too injured to fight recklessly!
There is a stone staircase leading up here.
The adder bites you but does no damage.
You climb upwards.
There is a stone staircase leading down here.
You closely miss the adder. The adder closely misses you.
You closely miss the adder. The adder bites you.
* * * LOW HITPOINT WARNING * * *
The adder bites you.
* * * LOW HITPOINT WARNING * * *
You are lethally poisoned!
The adder poisons you!
You barely miss the adder.
* * * LOW HITPOINT WARNING * * *
You feel sick. The adder misses you.
You barely miss the adder.
Your tail-slap misses the adder.
* * * LOW HITPOINT WARNING * * *
You feel sick. The adder completely misses you. The adder misses you.
You hit the adder but do no damage.
Your weapon exudes an aura of protection.
You die...

#.# #.###.#######.# ####
#.# #.....# ####.###... #.#
####### #.......... #.#
########.#..#.#... #.#
#........#..#.##.# #.#
#........#.....#.# #.#
#....)...#...#.#..
####.#####S.............#..
#.......##@<.....##........
#..#..#.##.[.....##.#######
#.....#.##.......##.#
#...#.#.###########.#
#...#.#.###.#######.#
#.......##..........#
###.#######.######### #.#
####.#### ####
#.####.......# #...


You could see an adder.

Vanquished Creatures
  A dart slug (D:3)
  2 goblins
  2 ball pythons (D:2)
  A frilled lizard (D:3)
6 creatures vanquished.

Vanquished Creatures (collateral kills)
  An orc (D:3)
  An endoplasm (D:1)
  5 goblins
  2 jackals (D:3)
  A kobold (D:2)
  A quokka (D:1)
  2 ball pythons
  3 frilled lizards (D:1)
16 creatures vanquished.

Grand Total: 22 creatures vanquished

Notes
Turn   | Place    | Note
-------+----------+-------------------------------------------
     0 | D:1      | pkoi the Draconian Summoner began the quest for the Orb.
     0 | D:1      | Reached XP level 1. HP: 14/14 MP: 3/3
    92 | D:1      | Found a faded altar of an unknown god.
   929 | D:2      | Reached XP level 2. HP: 8/20 MP: 0/5
  1802 | D:3      | Found a shimmering altar of Xom.
  1841 | D:2      | HP: 1/20 [poisoned by an adder]
  1842 | D:2      | Succumbed to an adder's poison

Illustrated notes

Levels and vault maps discovered:
D:1:      tarquinn_simple_flora_water_d, layout_rooms,
          ebering_ecumenical_altar_box
D:2:      layout_loops_cross
D:3:      layout_loops_ring, lemuel_zombie_altar_yredelemnul,
          mainiacjoe_overflow_catwalk, nicolae_ru_sacrificial_ziggurat,
          uniq_natasha, uniq_ijyb, uniq_crazy_yiuf_cottage

Skill      XL: |  1  2 |
---------------+-------+-----
Stealth        | 2 |  2.0
Short Blades   | |  0.7
Dodging        | |  1.7
Spellcasting   | |  2.0
Summonings     | |  4.5

Action                   || total
-------------------------++-------
Melee: Dagger            ||     5
       Short sword       ||    23
       Tailslap          ||     2
 Cast: Summon Small Mamm ||    34
 Stab: Distracted        ||     1
       Sleeping          ||     1
Armor: Skin              ||    23
Dodge: Dodged            ||    48
